 Dungeon Crawl Stone Soup version 0.18-a0-1687-gc97eaad (webtiles) character file.

496 FatPrincess the Digger (level 6, -8/42 HPs)
             Began as a Draconian Earth Elementalist on Mar 14, 2016.
             Mangled by antares's ghost (11 damage)
             ... on level 5 of the Dungeon.
             The game lasted 00:16:36 (3188 turns).

FatPrincess the Digger (DrEE)                       Turns: 3188, Time: 00:16:37

Health: -8/42      AC: 11    Str: 11    XL:     6   Next: 93%
Magic:  2/11       EV: 13    Int: 17    God:
Gold:   172        SH:  0    Dex: 11    Spells: 3 memorised, 6 levels left

rFire  . . .     SeeInvis +     a - +0 flail (holy)
rCold  . . .     Gourm    .     (armour unavailable)
rNeg   . . .     Faith    .     (no shield)
rPois  .         Spirit   .     (helmet restricted)
rElec  .         Dismiss  .     g - +1 cloak
rCorr  .         Reflect  .     (no gloves)
SustAt .         Harm     .     u - +2 pair of boots
MR     +....                    (no amulet)
Stlth  ++........               (no ring)
                                v - ring of protection from magic

@: lethally poisoned (-8 -> -26), flying, somewhat resistant to hostile
enchantments, unstealthy
A: unfitting armour, see invisible, frail 1, mutation resistance 1,
cold-blooded, AC +6
a: no special abilities


You were on level 5 of the Dungeon.
You were hungry.

You visited 1 branch of the dungeon, and saw 5 of its levels.

You collected 172 gold pieces.

Inventory:

Hand Weapons
 a - a +0 flail of holy wrath (weapon)
 q - a +0 trident
Missiles
 b - 136 stones (quivered)
Armour
 g - a +1 cloak (worn)
 u - a +2 pair of boots (worn)
Jewellery
 v - a ring of protection from magic (left hand)
Scrolls
 e - a scroll of blinking
 h - a scroll of magic mapping
 j - a scroll of fog
 m - 2 scrolls of teleportation {unknown}
Potions
 d - a potion of cure mutation
 i - a potion of brilliance
 k - a potion of heal wounds
 n - a potion of flight
 s - a potion of lignification {unknown}
Books
 f - a book of Geomancy

   Spells                             Type                      Level
   a - Sandblast                      Earth                        1
   b - Passwall                       Transmutation/Earth          2
   c - Stone Arrow                    Conjuration/Earth            3
   d - Petrify                        Transmutation/Earth          4
   e - Lee's Rapid Deconstruction     Earth                        5
Comestibles
 c - 4 bread rations
 o - 2 fruits
 p - 3 meat rations
 r - a slice of pizza
 w - a chunk of flesh


   Skills:
 + Level 1.2 Fighting
 + Level 0.8 Maces & Flails
 - Level 0.2 Polearms
 + Level 3.3 Dodging
 + Level 2.5 Stealth
 + Level 3.6 Spellcasting
 * Level 2.9 Conjurations
 + Level 1.0 Transmutations
 + Level 4.5 Earth Magic


You had 6 spell levels left.
You knew the following spells:

 Your Spells              Type           Power        Failure   Level  Hunger
a - Sandblast             Erth           ###...       2%          1    None
b - Stone Arrow           Conj/Erth      ###...       12%         3    ###....
c - Passwall              Trmt/Erth      ##........   10%         2    ##.....


Dungeon Overview and Level Annotations

Branches:
Dungeon (5/15)
 Temple: D:4-7

Altars:
Makhleb
Pakellas
Sif Muna

Annotations:
D:5 antares's ghost, novice TeAE


Innate Abilities, Weirdness & Mutations

Your plain brown scales are hard (AC +6).
Your body does not fit into most forms of armour.
You are cold-blooded and may be slowed by cold attacks.
You have supernaturally acute eyesight.
You are frail (-10% HP).
You are somewhat resistant to further mutation.


Message History

Unknown command.
You miss antares's ghost.
Your tail-slap misses antares's ghost.
Antares's ghost is almost destroyed.
* * * LOW HITPOINT WARNING * * *
You feel sick. Antares's ghost closely misses you. x2
You miss antares's ghost. You tail-slap antares's ghost.
Antares's ghost is almost destroyed.
You feel sick.
Antares's ghost hits you but does no damage.
You are lethally poisoned!
Your magical contamination has completely faded away.
You miss antares's ghost.
Antares's ghost is almost destroyed.
* * * LOW HITPOINT WARNING * * *
You feel sick. Antares's ghost casts a spell at you. The zap hits you!
* * * LOW HITPOINT WARNING * * *
Antares's ghost hits you!
You die...

##########
#########........#
....#...'........#
....#...#........#
....#...#).......#
##.######........#######
######..................
.'...'.........W@.......
.#...#..................
.#...#..................
######..................
............###########+
............#
............#
............#
..>.........#


You could see antares's ghost.

Vanquished Creatures
  A phantom (D:4)
  2 ogres
  An orc priest (D:3)
  An orc wizard (D:3)
  A worker ant (D:3)
  2 howler monkey skeletons (D:4)
  7 adders
  An ooze (D:2)
  A worm (D:2)
  A dart slug (D:2)
  A giant gecko (D:1)
  9 orcs
  4 giant cockroaches
  6 goblins
  8 hobgoblins
  6 jackals
  9 kobolds
  A quokka (D:2)
  3 bats
  2 giant newts
  7 rats
74 creatures vanquished.

Notes
Turn   | Place    | Note
--------------------------------------------------------------
     0 | D:1      | FatPrincess the Draconian Earth Elementalist began the quest for the Orb.
     0 | D:1      | Reached XP level 1. HP: 14/14 MP: 3/3
   165 | D:1      | Reached XP level 2. HP: 11/20 MP: 0/5
   768 | D:1      | Reached XP level 3. HP: 24/26 MP: 6/6
   838 | D:2      | Learned a level 3 spell: Stone Arrow
   841 | D:2      | Learned a level 2 spell: Passwall
   935 | D:2      | Found a faded altar to an unknown god.
  1081 | D:2      | Reached XP level 4. HP: 31/33 MP: 7/7
  1124 | D:2      | Found an oddly glowing altar of Pakellas.
  1185 | D:2      | Found a deep blue altar of Sif Muna.
  1892 | D:3      | Reached XP level 5. HP: 20/39 MP: 1/9
  2151 | D:3      | Reached skill level 1 in Conjurations
  2151 | D:3      | Reached skill level 4 in Earth Magic
  2693 | D:4      | Noticed an ogre
  2698 | D:4      | Killed an ogre
  2698 | D:4      | Reached XP level 6. HP: 44/46 MP: 0/11
  2906 | D:4      | Reached skill level 1 in Fighting
  2961 | D:4      | Found a burning altar of Makhleb.
  3102 | D:5      | Entered Level 5 of the Dungeon
  3157 | D:5      | Noticed antares's ghost (novice TeAE)
  3181 | D:5      | Gained mutation: You are frail (-10% HP). [potion of mutation]
  3181 | D:5      | Gained mutation: You have supernaturally acute eyesight. [potion of mutation]
  3181 | D:5      | Gained mutation: You are somewhat resistant to further mutation. [potion of mutation]
  3188 | D:5      | Mangled by antares's ghost

Vault maps used:
D:1:      scummos_arrival_gate, nrook_mini_vaults
D:2:      grunt_pakellas_basics, lemuel_coloured_pillars_altar,
          ecumenical_altar_1, first_bread, minmay_parallelograms
D:3:      hangedman_decor_peaks_small
D:4:      lightli_temple_of_fire, grunt_ministairs_7
D:5:      grunt_temple_overflow_open, kennysheep_mini_moat,
          ashenzari_conservatory_becter, serial_shops, nicolae_shop_stone,
          trog_butcher_becter, uniq_pikel

Skill      XL: |  1  2  3  4  5  6 |
---------------+-------------------+-----
Dodging        | 2 3 |  3.3
Stealth        | 2 |  2.5
Spellcasting   | 3 |  3.6
Conjurations   | 2 |  2.9
Earth Magic    | 4 |  4.5
Fighting       | 1 |  1.2
Maces & Flails | |  0.8
Polearms       | |  0.2
Transmutations | |  1.0

Action                   |  1- 3 |  4- 6 || total
-------------------------+-------+-------++-------
Melee: Unarmed           |    51 |       ||    51
       Club              |    33 |    11 ||    44
       Spear             |       |    58 ||    58
       Trident           |       |    27 ||    27
       Flail             |       |    26 ||    26
Throw: Stone             |       |     2 ||     2
 Cast: Sandblast         |    36 |    20 ||    56
       Stone Arrow       |       |    21 ||    21
  Use: Scroll            |       |     8 ||     8
       Potion            |       |     5 ||     5
 Stab: Sleeping          |     3 |     4 ||     7
  Eat: Chunk             |     1 |     9 ||    10
